| TOP OF THE 1ST |
|
Oakland Oaks batting - Pitching for Kelowna Heat : RHP Brian Whitley
|
|
Pitching: RHP Brian Whitley
|
|
|
Batting: LHB Diego Vega
|
0-0: Foul Ball, location: 2F 0-1: Ball 1-1: SINGLE (Line Drive, 89M, EV 92.5 MPH)
|
|
Batting: SHB Steve McGee
|
0-0: Ball Diego Vega steals 2nd base 1-0: Ball 2-0: Ball 3-0: Base on Balls
|
|
Batting: RHB Phoctor Dill
|
0-0: Swinging Strike 0-1: Fly out, F8 (Flyball, 8LD, EV 95.0 MPH)
|
|
Batting: RHB Shi-xian Da
|
0-0: Ball 1-0: Ground out U3 (Groundball, 3S, EV 69.4 MPH) Diego Vega to third Steve McGee to second
|
|
Batting: RHB Moises Guzman
|
0-0: Called Strike 0-1: Ground out 5-3 (Groundball, 56, EV 85.0 MPH)
|
| Top of the 1st over - 0 runs, 1 hit, 0 errors, 2 left on base; Oakland 0 - Kelowna 0 |
| BOTTOM OF THE 1ST |
|
Kelowna Heat batting - Pitching for Oakland Oaks : RHP Bob Waters
|
|
Pitching: RHP Bob Waters
|
|
|
Batting: RHB Tsugio Yamaguchi
|
0-0: Ground out 6-3 (Groundball, 56, EV 86.9 MPH)
|
|
Batting: LHB Adrian Navarro
|
0-0: Foul Ball, location: 2F 0-1: DOUBLE (Groundball, 3L, EV 103.8 MPH)
|
|
Batting: RHB Armando Ramirez
|
0-0: Swinging Strike 0-1: SINGLE (Groundball, 4D, EV 95.6 MPH) Adrian Navarro to third Runner from 3rd tries for Home, throw by CF and OUT! 8-2 Armando Ramirez to second
|
|
Batting: RHB Mike Storey
|
0-0: Ball 1-0: Swinging Strike 1-1: Foul Ball, location: 2F 1-2: Foul Ball, location: 2F 1-2: Ball 2-2: Strikes out swinging
|
| Bottom of the 1st over - 0 runs, 2 hits, 0 errors, 1 left on base; Oakland 0 - Kelowna 0 |
| TOP OF THE 2ND |
|
Oakland Oaks batting - Pitching for Kelowna Heat : RHP Brian Whitley
|
|
Batting: LHB Bryan Hodensack
|
0-0: Ball 1-0: Swinging Strike 1-1: Swinging Strike 1-2: Foul Ball, location: 2F 1-2: Ball 2-2: Foul Ball, location: 2F 2-2: Ball 3-2: Fly out, F8 (Flyball, 89M, EV 82.5 MPH)
|
|
Batting: RHB Matt Nehman
|
0-0: Ball 1-0: Ball 2-0: Foul Ball, location: 2F 2-1: Foul Ball, location: 2F 2-2: Fly out, F7 (Line Drive, 78S, EV 96.2 MPH)
|
|
Batting: RHB Mario Medina
|
0-0: Ball 1-0: Ball 2-0: Fly out, F8 (Flyball, 8RM, EV 93.8 MPH)
|
| Top of the 2nd over - 0 runs, 0 hits, 0 errors, 0 left on base; Oakland 0 - Kelowna 0 |
| BOTTOM OF THE 2ND |
|
Kelowna Heat batting - Pitching for Oakland Oaks : RHP Bob Waters
|
|
Batting: LHB Dennis Jones
|
0-0: Ball 1-0: Called Strike 1-1: Called Strike 1-2: Foul Ball, location: 2F 1-2: Ball 2-2: Foul Ball, location: 2F 2-2: Ball 3-2: Foul Ball, location: 2F 3-2: Ground out 3-1 (Groundball, 34S, EV 95.0 MPH)
|
|
Batting: RHB Soichi Kaneshiro
|
0-0: Ball 1-0: Ground out 5-3 (Groundball, 56S, EV 86.2 MPH)
|
|
Batting: RHB Matt Wallace
|
0-0: Swinging Strike 0-1: Ball 1-1: SINGLE (Line Drive, 7S, EV 110.0 MPH)
|
|
Batting: RHB Sean Gilbert
|
0-0: Ball 1-0: Fly out, F4 (Line Drive, 4D, EV 69.4 MPH)
|
| Bottom of the 2nd over - 0 runs, 1 hit, 0 errors, 1 left on base; Oakland 0 - Kelowna 0 |
| TOP OF THE 3RD |
|
Oakland Oaks batting - Pitching for Kelowna Heat : RHP Brian Whitley
|
|
Batting: RHB Ricky Ulloa
|
0-0: Foul Ball, location: 2F 0-1: Foul Ball, location: 2F 0-2: Ball 1-2: Fly out, F8 (Flyball, 8RD, EV 101.9 MPH)
|
|
Batting: LHB Diego Vega
|
0-0: Called Strike 0-1: Ball 1-1: Ball 2-1: Ball 3-1: Base on Balls
|
|
Batting: SHB Steve McGee
|
0-0: Grounds into double play, 4-6-3 (Groundball, 4, EV 96.2 MPH)
|
| Top of the 3rd over - 0 runs, 0 hits, 0 errors, 0 left on base; Oakland 0 - Kelowna 0 |
| BOTTOM OF THE 3RD |
|
Kelowna Heat batting - Pitching for Oakland Oaks : RHP Bob Waters
|
|
Batting: RHB Glen Limeburner
|
0-0: Ground out 3-1 (Groundball, 34, EV 100.6 MPH)
|
|
Batting: RHB Tsugio Yamaguchi
|
0-0: Ball 1-0: Fly out, F6 (Popup, 6D, EV 54.4 MPH)
|
|
Batting: LHB Adrian Navarro
|
0-0: Ball 1-0: Ball 2-0: Ball 3-0: Called Strike 3-1: Foul Ball, location: 2F 3-2: Strikes out swinging
|
| Bottom of the 3rd over - 0 runs, 0 hits, 0 errors, 0 left on base; Oakland 0 - Kelowna 0 |
| TOP OF THE 4TH |
|
Oakland Oaks batting - Pitching for Kelowna Heat : RHP Brian Whitley
|
|
Batting: RHB Phoctor Dill
|
0-0: Ball 1-0: SINGLE (Line Drive, 4D, EV 95.6 MPH)
|
|
Batting: RHB Shi-xian Da
|
0-0: Ball 1-0: Grounds into double play, 6-4-3 (Groundball, 6, EV 107.5 MPH)
|
|
Batting: RHB Moises Guzman
|
0-0: Swinging Strike 0-1: Ball 1-1: Called Strike 1-2: Strikes out looking
|
| Top of the 4th over - 0 runs, 1 hit, 0 errors, 0 left on base; Oakland 0 - Kelowna 0 |
| BOTTOM OF THE 4TH |
|
Kelowna Heat batting - Pitching for Oakland Oaks : RHP Bob Waters
|
|
Batting: RHB Armando Ramirez
|
0-0: Called Strike 0-1: Ball 1-1: SINGLE (Line Drive, 8RS, EV 92.5 MPH)
|
|
Batting: RHB Mike Storey
|
0-0: Foul Ball, location: 2F 0-1: Swinging Strike 0-2: Ball 1-2: Ball 2-2: Foul Ball, location: 2F 2-2: Strikes out swinging
|
|
Batting: LHB Dennis Jones
|
0-0: Called Strike Armando Ramirez steals 2nd base 0-1: Ball 1-1: Ball 2-1: Swinging Strike 2-2: Strikes out swinging
|
|
Batting: RHB Soichi Kaneshiro
|
0-0: Ground out 5-3 (Groundball, 56, EV 97.5 MPH)
|
| Bottom of the 4th over - 0 runs, 1 hit, 0 errors, 1 left on base; Oakland 0 - Kelowna 0 |
| TOP OF THE 5TH |
|
Oakland Oaks batting - Pitching for Kelowna Heat : RHP Brian Whitley
|
|
Batting: LHB Bryan Hodensack
|
0-0: Ball 1-0: Called Strike 1-1: Ball 2-1: Swinging Strike 2-2: Foul Ball, location: 2F 2-2: Fly out, F6 (Popup, 6MD, EV 53.1 MPH)
|
|
Batting: RHB Matt Nehman
|
0-0: Ball 1-0: Fly out, F8 (Flyball, 8RM, EV 92.5 MPH)
|
|
Batting: RHB Mario Medina
|
0-0: Foul Ball, location: 2F 0-1: Foul Ball, location: 2F 0-2: Ball 1-2: Foul Ball, location: 2F 1-2: Ground out 5-3 (Groundball, 56, EV 88.8 MPH)
|
| Top of the 5th over - 0 runs, 0 hits, 0 errors, 0 left on base; Oakland 0 - Kelowna 0 |
| BOTTOM OF THE 5TH |
|
Kelowna Heat batting - Pitching for Oakland Oaks : RHP Bob Waters
|
|
Batting: RHB Matt Wallace
|
0-0: Ball 1-0: Called Strike 1-1: Ball 2-1: Ball 3-1: Foul Ball, location: 2F 3-2: Foul Ball, location: 2F 3-2: Base on Balls
|
|
Batting: RHB Sean Gilbert
|
0-0: Ball 1-0: Ball 2-0: Foul Ball, location: 2F 2-1: SINGLE (Groundball, 34S, EV 61.9 MPH) (infield hit) Matt Wallace to second
|
|
Batting: RHB Glen Limeburner
|
0-0: Grounds into double play, U4-3 (Groundball, 6MD, EV 96.2 MPH) Matt Wallace to third
|
|
Batting: RHB Tsugio Yamaguchi
|
0-0: Fly out, F8 (Flyball, 8RD, EV 88.8 MPH)
|
| Bottom of the 5th over - 0 runs, 1 hit, 0 errors, 1 left on base; Oakland 0 - Kelowna 0 |
| TOP OF THE 6TH |
|
Oakland Oaks batting - Pitching for Kelowna Heat : RHP Brian Whitley
|
|
Batting: RHB Ricky Ulloa
|
0-0: Called Strike 0-1: Reached on error, E8 (Flyball, 8LM, EV 88.8 MPH)
|
|
Batting: LHB Diego Vega
|
0-0: Called Strike 0-1: Ball 1-1: Ball 2-1: Ball 3-1: Foul Ball, location: 2F 3-2: Base on Balls Ricky Ulloa to second
|
|
Batting: SHB Steve McGee
|
0-0: Ball 1-0: Ball 2-0: Ball 3-0: Base on Balls Ricky Ulloa to third Diego Vega to second
|
|
Batting: RHB Phoctor Dill
|
0-0: Called Strike 0-1: Ball 1-1: Grounds into double play, 5-2-3 (Groundball, 56S, EV 75.0 MPH) Diego Vega to third Steve McGee to second
|
|
Batting: RHB Shi-xian Da
|
0-0: Foul Ball, location: 2F 0-1: Fly out, F7 (Flyball, 7D, EV 88.8 MPH)
|
| Top of the 6th over - 0 runs, 0 hits, 1 error, 2 left on base; Oakland 0 - Kelowna 0 |
| BOTTOM OF THE 6TH |
|
Kelowna Heat batting - Pitching for Oakland Oaks : RHP Bob Waters
|
|
Batting: LHB Adrian Navarro
|
0-0: Ball 1-0: Ball 2-0: Swinging Strike 2-1: Foul Ball, location: 2F 2-2: Foul Ball, location: 2F 2-2: Ball 3-2: Ground out U3 (Groundball, 3, EV 84.4 MPH)
|
|
Batting: RHB Armando Ramirez
|
0-0: Ground out 4-3 (Groundball, 34, EV 96.9 MPH)
|
|
Batting: RHB Mike Storey
|
0-0: Ball 1-0: Ball 2-0: Called Strike 2-1: Ball 3-1: Base on Balls
|
|
Batting: LHB Dennis Jones
|
0-0: Fly out, F8 (Flyball, 8RM, EV 88.8 MPH)
|
| Bottom of the 6th over - 0 runs, 0 hits, 0 errors, 1 left on base; Oakland 0 - Kelowna 0 |
| TOP OF THE 7TH |
|
Oakland Oaks batting - Pitching for Kelowna Heat : RHP Brian Whitley
|
|
Batting: RHB Moises Guzman
|
0-0: Foul Ball, location: 2F 0-1: Ball 1-1: SINGLE (Groundball, 6MD, EV 103.1 MPH)
|
|
Batting: LHB Bryan Hodensack
|
0-0: Ball 1-0: Sac Bunt to P - play at second, runner OUT! 1-6
|
|
Batting: RHB Matt Nehman
|
0-0: Called Strike 0-1: Ball 1-1: Foul Ball, location: 2F 1-2: Fly out, F9 (Flyball, 9D, EV 78.8 MPH)
|
|
Batting: RHB Mario Medina
|
0-0: Ball 1-0: Ball 2-0: Foul Ball, location: 2F 2-1: 2-RUN HOME RUN (Flyball, 7D, EV 100.0 MPH), Distance : 396 ft
|
|
Batting: RHB Ricky Ulloa
|
0-0: Called Strike 0-1: Ball 1-1: Foul Ball, location: 2F 1-2: Fly out, F9 (Flyball, 9, EV 83.8 MPH)
|
| Top of the 7th over - 2 runs, 2 hits, 0 errors, 0 left on base; Oakland 2 - Kelowna 0 |
| BOTTOM OF THE 7TH |
|
Kelowna Heat batting - Pitching for Oakland Oaks : RHP Bob Waters
|
|
Batting: RHB Soichi Kaneshiro
|
0-0: Called Strike 0-1: Ball 1-1: Foul Ball, location: 2F 1-2: Ball 2-2: Foul Ball, location: 2F 2-2: Ball 3-2: Fly out, F4 (Line Drive, 4M, EV 72.5 MPH)
|
|
Batting: RHB Matt Wallace
|
0-0: Swinging Strike 0-1: Fly out, F8 (Flyball, 8RS, EV 89.4 MPH)
|
|
Batting: RHB Sean Gilbert
|
0-0: Called Strike 0-1: Ball 1-1: Swinging Strike 1-2: Ball 2-2: Ball 3-2: Strikes out swinging
|
| Bottom of the 7th over - 0 runs, 0 hits, 0 errors, 0 left on base; Oakland 2 - Kelowna 0 |
| TOP OF THE 8TH |
|
Oakland Oaks batting - Pitching for Kelowna Heat : RHP Brian Whitley
|
|
Batting: LHB Diego Vega
|
0-0: Ball 1-0: Called Strike 1-1: Foul Ball, location: 2F 1-2: Strikes out swinging, 2-3 out at first.
|
|
Pitching: LHP Ricky Coats
|
|
|
Batting: SHB Steve McGee
|
0-0: Called Strike 0-1: Ball 1-1: Ball 2-1: Ball 3-1: Foul Ball, location: 2F 3-2: Foul Ball, location: 2F 3-2: Foul Ball, location: 2F 3-2: Foul Ball, location: 2F 3-2: Base on Balls
|
|
Batting: RHB Phoctor Dill
|
0-0: Called Strike 0-1: Ball 1-1: Ball 2-1: Called Strike 2-2: Foul Ball, location: 2F 2-2: Foul Ball, location: 2F 2-2: SINGLE (Line Drive, 4D, EV 100.0 MPH) Steve McGee to second
|
|
Batting: RHB Shi-xian Da
|
0-0: Called Strike 0-1: Swinging Strike 0-2: Ball 1-2: SINGLE (Groundball, 56D, EV 96.9 MPH) - runner OUT being hit by batted ball. (infield hit) Phoctor Dill to second
|
|
Pitching: RHP Adam Browne
|
|
|
Batting: RHB Moises Guzman
|
0-0: Called Strike 0-1: Ball 1-1: Foul Ball, location: 2F 1-2: Foul Ball, location: 2F 1-2: Ball 2-2: Ball 3-2: Strikes out swinging
|
| Top of the 8th over - 0 runs, 2 hits, 0 errors, 2 left on base; Oakland 2 - Kelowna 0 |
| BOTTOM OF THE 8TH |
|
Kelowna Heat batting - Pitching for Oakland Oaks : RHP Bob Waters
|
|
Now at 1B: Justin Conley
|
|
|
Now in LF: Diego Vega
|
|
|
Pinch Hitting: LHB Emilio Ortez
|
0-0: Ball 1-0: Swinging Strike 1-1: Fly out, F7 (Flyball, 7LM, EV 94.4 MPH)
|
|
Batting: RHB Tsugio Yamaguchi
|
0-0: Ball 1-0: Called Strike 1-1: Foul Ball, location: 2F 1-2: Ground out 5-3 (Groundball, 56S, EV 85.0 MPH)
|
|
Batting: LHB Adrian Navarro
|
0-0: Called Strike 0-1: Swinging Strike 0-2: Ball 1-2: Foul Ball, location: 2F 1-2: Ball 2-2: Foul Ball, location: 2F 2-2: Strikes out swinging
|
| Bottom of the 8th over - 0 runs, 0 hits, 0 errors, 0 left on base; Oakland 2 - Kelowna 0 |
| TOP OF THE 9TH |
|
Oakland Oaks batting - Pitching for Kelowna Heat : RHP Adam Browne
|
|
Now at 2B: Gary Sampson
|
|
|
Batting: LHB Bryan Hodensack
|
0-0: Ball 1-0: Called Strike 1-1: Called Strike 1-2: Strikes out swinging
|
|
Batting: LHB Ben Goldstein
|
0-0: Ball 1-0: Called Strike 1-1: SINGLE (Groundball, 34D, EV 93.8 MPH)
|
|
Batting: RHB Mario Medina
|
Pickoff Throw to First - Out! 1-3 0-0: Ball 1-0: SINGLE (Groundball, 56D, EV 98.1 MPH)
|
|
Pinch Hitting: RHB Bill Cabrera
|
0-0: Ball 1-0: Ball 2-0: Ball 3-0: Called Strike 3-1: Fly out, F8 (Flyball, 89D, EV 70.6 MPH)
|
| Top of the 9th over - 0 runs, 2 hits, 0 errors, 1 left on base; Oakland 2 - Kelowna 0 |
| BOTTOM OF THE 9TH |
|
Kelowna Heat batting - Pitching for Oakland Oaks : RHP Bob Waters
|
|
Pitching: LHP Jason Hahn
|
|
|
Now at 2B: Edwin Nunez
|
|
|
Now in LF: Bill Cabrera
|
|
|
Now in RF: Diego Vega
|
|
|
Batting: RHB Armando Ramirez
|
0-0: Called Strike 0-1: Swinging Strike 0-2: Ground out 6-3 (Groundball, 6M, EV 88.8 MPH)
|
|
Batting: RHB Mike Storey
|
0-0: Ball 1-0: Ball 2-0: Foul Ball, location: 2F 2-1: Fly out, F7 (Flyball, 78M, EV 88.1 MPH)
|
|
Pinch Hitting: RHB Dave Perron
|
0-0: Ball 1-0: Called Strike 1-1: Foul Ball, location: 2F 1-2: Ball 2-2: Strikes out swinging
|
| Bottom of the 9th over - 0 runs, 0 hits, 0 errors, 0 left on base; Oakland 2 - Kelowna 0 |
|